 Seeded DCSS version 0.27-a0-385-g3208aba (webtiles) character file.

Game seed: 8970044951668027714 (custom seed)

548463 GeorgeSoros the Impregnable (level 26, -12/174 HPs)
             Began as a Tengu Fighter on Feb 8, 2021.
             Was the Champion of Nemelex Xobeh.
             Mangled by a titan (34 damage)
             ... on level 4 of the Vaults on Feb 18, 2021.
             The game lasted 03:56:18 (48676 turns).

GeorgeSoros the Impregnable (Tengu Fighter)        Turns: 48676, Time: 03:56:18

Health: -12/174    AC: 31    Str: 29    XL:     26   Next: 78%
Magic:  27/28      EV: 28    Int: 15    God:    Nemelex Xobeh [******]
Gold:   4247       SH: 23    Dex: 29    Spells: 10/25 levels left

rFire    + + +     SeeInvis .   a - +7 Singing Sword {vorpal, sonic wave}
rCold    . . .     Faith    .   c - +1 kite shield
rNeg     + + +     Spirit   .   o - +4 gold dragon scales
rPois    +         Reflect  +   H - +2 hat
rElec    .         Harm     .   G - +1 cloak of Protective Custody {rF+ Regen+ Int+3}
rCorr    .         Rampage  .   t - +2 pair of gloves
Will     +....                  (boots unavailable)
Stlth    ..........             S - amulet of Gowkewuwn {Reflect +Inv rC- rN+++ Dex+7 SH+5}
HPRegen  1.39/turn              M - ring "Icwunu" {rF++ Dex+6}
MPRegen  0.21/turn              F - ring of Keallyce {+Fly rF- Str+6 Slay+4}

@: flying quickly and evasively, hasted, studying 3 skills, very quick
A: beak, talons 3, deformed body, able to fly
}: 2/15 runes: serpentine, barnacled
a: Stop Flying, Renounce Religion, Evoke Invisibility, Draw Escape, Draw
Destruction, Draw Summoning, Triple Draw, Deal Four, Stack Five


You were on level 4 of the Vaults.
You worshipped Nemelex Xobeh.
Nemelex Xobeh was exalted by your worship.
You visited 9 branches of the dungeon, and saw 44 of its levels.
You also visited: Gauntlet, Ice Cave, Volcano and Wizlab.

You collected 5286 gold pieces.
You spent 1039 gold pieces at shops.

Inventory:

Hand Weapons
 a - the +7 Singing Sword (weapon) {vorpal, sonic wave}
   (You found it on level 4 of the Dungeon)

   It inflicts extra damage upon your enemies.
 b - the +2 Maxwell's thermic engine {flame, freeze}
   (You found it in a Gauntlet)

   It has been specially enchanted to burn those struck by it, causing extra
   injury to most foes and up to half again as much damage against particularly
   susceptible opponents.
   Big, fiery blades are also staple armaments of hydra-hunters.
   It has been specially enchanted to freeze those struck by it, causing extra
   injury to most foes and up to half again as much damage against particularly
   susceptible opponents.
   It becomes more effective when it hits something.
   This effect fades over time.
 Z - the +9 demon blade of Might {freeze, rElec rF- Int+3 Dex+7}
   (You bought it in a shop on level 2 of the Orcish Mines)

   It has been specially enchanted to freeze those struck by it, causing extra
   injury to most foes and up to half again as much damage against particularly
   susceptible opponents.
   It can also slow down cold-blooded creatures.
   It affects your intelligence (+3).
   It affects your dexterity (+7).
   It makes you vulnerable to fire.
   It insulates you from electricity.
Missiles
 u - 6 throwing nets (quivered)
Armour
 c - a +1 kite shield (worn)
 o - +4 gold dragon scales (worn)
 t - a +2 pair of gloves (worn)
 x - +0 storm dragon scales
 G - the +1 cloak of Protective Custody (worn) {rF+ Regen+ Int+3}
   (You bought it in a shop on level 9 of the Dungeon)

   It affects your intelligence (+3).
   It protects you from fire.
   It increases your rate of regeneration.
 H - a +2 hat (worn)
 O - +0 ice dragon scales
 W - a +1 crystal plate armour
Jewellery
 C - a ring of see invisible
 E - a ring of poison resistance
 F - the ring of Keallyce (right hand) {+Fly rF- Str+6 Slay+4}
   (You found it on level 3 of the Depths)

   [ring of slaying]

   It affects your strength (+6).
   It affects your accuracy and damage with ranged weapons and melee attacks
   (+4).
   It makes you vulnerable to fire.
   It lets you fly.
 L - an amulet of regeneration
 M - the ring "Icwunu" (left hand) {rF++ Dex+6}
   (You found it in a Gauntlet)

   [ring of dexterity]

   It affects your dexterity (+6).
   It greatly protects you from fire.
 N - the ring of the Mage {Wiz Will++ Int+3}
   (You found it on level 4 of the Shoals)

   [ring of wizardry]

   It improves your spell success rate.
   It affects your intelligence (+3).
   It affects your willpower, your defense against some magical effects.
 S - the amulet of Gowkewuwn (around neck) {Reflect +Inv rC- rN+++ Dex+7 SH+5}
   (You found it in an ice cave)

   [amulet of reflection]

   It shields you and reflects attacks.
   It affects your dexterity (+7).
   It makes you vulnerable to cold.
   It renders you almost immune to negative energy.
   It lets you turn invisible.
   It affects your SH (+5).
Wands
 k - a wand of iceblast (62)
 l - a wand of charming (13)
 m - a wand of polymorph (41)
 r - a wand of random effects (93)
 v - a wand of flame (131)
 D - a wand of acid (35)
 R - a wand of mindburst (58)
 T - a wand of digging (8)
 V - a wand of paralysis (19)
Scrolls
 f - 9 scrolls of magic mapping
 h - 3 scrolls of summoning
 j - 15 scrolls of teleportation
 A - 8 scrolls of fear
 I - 6 scrolls of enchant weapon
 K - 27 scrolls of identify
 Q - a scroll of immolation
 U - 6 scrolls of fog
 X - 6 scrolls of blinking
 Y - a scroll of enchant armour
Potions
 d - 10 potions of might
 e - 5 potions of cancellation
 g - 7 potions of haste
 i - 3 potions of heal wounds
 n - 12 potions of lignification
 p - 5 potions of attraction
 q - 12 potions of brilliance
 s - 15 potions of curing
 w - 5 potions of berserk rage
 z - 4 potions of mutation
 B - 5 potions of invisibility
 J - 3 potions of magic
Miscellaneous
 y - a box of beasts
 P - a lightning rod (4/4)


   Skills:
 - Level 20.0 Fighting
 - Level 2.8(12.8) Short Blades
 - Level 18.5(18.6) Long Blades
 - Level 23.0 Armour
 - Level 17.0 Dodging
 + Level 15.9 Shields
 - Level 12.4 Conjurations
 - Level 9.1 Ice Magic
 - Level 19.6 Air Magic
 + Level 5.5 Invocations
 - Level 10.9 Evocations


You had 10 spell levels left.
You knew the following spells:

 Your Spells              Type           Power        Failure   Level
a - Tornado               Air            28%          100%        9
b - Freezing Cloud        Conj/Ice/Air   20%          75%         6

Your spell library contained the following spells:

 Spells                   Type           Power        Failure   Level
 Magic Dart               Conj           100%         1%          1
 Shock                    Conj/Air       100%         1%          1
 Searing Ray              Conj           74%          1%          2
 Static Discharge         Conj/Air       48%          1%          3
 Corpse Rot               Necr/Air       N/A          6%          2
 Poisonous Vapours        Pois/Air       58%          6%          2
 Mephitic Cloud           Conj/Pois/Air  32%          9%          3
 Lightning Bolt           Conj/Air       24%          9%          5
 Iskenderun's Battlesphe  Conj           37%          36%         5
 Conjure Ball Lightning   Conj/Air       24%          43%         6
 Conjure Flame            Conj/Fire      18%          45%         3
 Dazzling Flash           Conj/Hex       36%          45%         3
 Stone Arrow              Conj/Erth      36%          45%         3
 Silence                  Hex/Air        14%          71%         5
 Fulminant Prism          Conj/Hex       9%           86%         4
 Iskenderun's Mystic Bla  Conj/Tloc      18%          86%         4
 Animate Skeleton         Necr           0%           91%         1
 Apportation              Tloc           0%           91%         1
 Beastly Appendage        Tmut           0%           91%         1
 Corona                   Hex            0%           91%         1
 Pain                     Necr           0%           91%         1
 Sandblast                Erth           0%           91%         1
 Sting                    Tmut/Pois      0%           91%         1
 Summon Small Mammal      Summ           0%           91%         1
 Blink                    Tloc           N/A          97%         2
 Call Imp                 Summ           0%           97%         2
 Passwall                 Tmut/Erth      0%           97%         2
 Slow                     Hex            0%           97%         2
 Sublimation of Blood     Necr           0%           97%         2
 Wereblood                Tmut           0%           97%         2
 Ice Form                 Ice/Tmut       13%          98%         4
 Fireball                 Conj/Fire      9%           99%         5
 Irradiate                Conj/Tmut      9%           99%         5
 Confusing Touch          Hex            0%           100%        3
 Gell's Gravitas          Tloc           0%           100%        3
 Ignite Poison            Fire/Tmut/Pois 0%           100%        3
 Inner Flame              Hex/Fire       0%           100%        3
 Portal Projectile        Hex/Tloc       0%           100%        3
 Spider Form              Tmut/Pois      0%           100%        3
 Tukima's Dance           Hex            0%           100%        3
 Vampiric Draining        Necr           0%           100%        3
 Animate Dead             Necr           0%           100%        4
 Cause Fear               Hex            0%           100%        4
 Dispel Undead            Necr           0%           100%        4
 Leda's Liquefaction      Hex/Erth       0%           100%        4
 Manifold Assault         Tloc           0%           100%        4
 Olgreb's Toxic Radiance  Pois           0%           100%        4
 Petrify                  Tmut/Erth      0%           100%        4
 Agony                    Necr           0%           100%        5
 Blade Hands              Tmut           0%           100%        5
 Bolt of Magma            Conj/Fire/Erth 6%           100%        5
 Excruciating Wounds      Necr           0%           100%        5
 Lee's Rapid Deconstruct  Erth           0%           100%        5
 Metabolic Englaciation   Hex/Ice        6%           100%        5
 Summon Forest            Summ/Tloc      0%           100%        5
 Summon Mana Viper        Hex/Summ       0%           100%        5
 Yara's Violent Unravell  Hex/Tmut       0%           100%        5
 Eringya's Noxious Bog    Tmut/Pois      0%           100%        6
 Hydra Form               Tmut           0%           100%        6
 Iron Shot                Conj/Erth      9%           100%        6
 Shadow Creatures         Summ           N/A          100%        6
 Simulacrum               Ice/Necr       6%           100%        6
 Statue Form              Tmut/Erth      0%           100%        6
 Dragon Form              Tmut           0%           100%        7
 Orb of Destruction       Conj           18%          100%        7
 Ozocubu's Refrigeration  Ice            13%          100%        7
 Spellforged Servitor     Conj/Summ      9%           100%        7
 Summon Hydra             Summ           0%           100%        7
 Chain Lightning          Conj/Air       24%          100%        8
 Ignition                 Fire           0%           100%        8
 Lehudib's Crystal Spear  Conj/Erth      9%           100%        8
 Absolute Zero            Ice            13%          100%        9
 Fire Storm               Conj/Fire      9%           100%        9
 Shatter                  Erth           0%           100%        9


Dungeon Overview and Level Annotations

Branches:
Dungeon (15/15)            Temple (1/1) D:5            Lair (6/6) D:11
 Shoals (4/4) Lair:3        Snake (4/4) Lair:4        Slime (0/5) Lair:5
    Orc (2/2) D:10            Elf (2/3) Orc:2        Vaults (5/5) D:14
  Crypt (0/3) Vaults:2     Depths (5/5) D:15            Zot (0/5) Depths:5
  IceCv (visited)         Volcano (visited)          WizLab (visited)
Gauntlet (visited)

Altars:
Ashenzari
Cheibriados
Dithmenos
Elyvilon
Fedhas
Gozag
Hepliaklqana
Kikubaaqudgha
Makhleb
Nemelex Xobeh
Okawaru
Qazlal
Ru
Sif Muna
Trog
Uskayaw
Vehumet
Wu Jian
Xom
Yredelemnul
Zin
The Shining One
Jiyva

Shops:
D:9 [   Orc:2 =*:*(   Elf:2 ?   Vaults:1 (

Portals:
Hell: Depths:1 Depths:2 Depths:3 Depths:4 Depths:5
Abyss: Depths:1 Depths:4 Depths:5
Pandemonium: Orc:2 Depths:3
Ziggurat: Depths:2

Annotations:
Lair:3 exclusion: oklob plant
Lair:5 2 transporters, exclusion: downstairs
Elf:1 3 runed translucent doors, exclusion: obsidian statue, skewfiend's ghost, adept PaEn
Depths:2 3 runed translucent doors, Dimomapy's ghost, veteran GrVM; Jacegobi's ghost, adept TrMo; Wukhi's ghost, adept TrMo


Innate Abilities, Weirdness & Mutations

You have a beak for a mouth.
You have claws for feet.
You can fly continuously.
Armour fits poorly on your strangely shaped body.


Message History

The quicksilver dragon completely misses you.
The titan casts a spell.
The titan is healed somewhat.
The titan gestures wildly while chanting.
The titan is healed somewhat.
You fly upwards.
There is a stone staircase leading down here.
You slash the shadow dragon! Your kick misses the shadow dragon.
You peck the shadow dragon, but do no damage.
The shadow dragon is almost dead.
Unknown command.
You closely miss the shadow dragon.
You claw the shadow dragon, but do no damage.
The shadow dragon is almost dead.
The shadow dragon closely misses you.
You block the shadow dragon's attack. x2
You block the iron dragon's attack.
The iron dragon completely misses you. x2
The titan hits you but does no damage. You block the titan's attack.
Unknown command.
You slash the shadow dragon!
You kill the shadow dragon!
Unknown command.
You hit the iron dragon but do no damage.
Your kick misses the iron dragon.
The iron dragon is almost dead.
The titan mumbles some strange words.
The titan is healed somewhat.
The iron dragon breathes metal splinters at you.
The spray of metal splinters hits you.
* * * LOW HITPOINT WARNING * * *
You hit the iron dragon. Your kick misses the iron dragon.
You peck the iron dragon.
You kill the iron dragon!
The titan completely misses you.
Unknown command.
You are too injured to fight recklessly!
You slice the titan!! You claw the titan, but do no damage.
The titan is severely wounded.
The titan hits you!!
You die...
Your body glows with a rainbow of weird colours and disappears.

##...## #..... #.....#
#..... ##...## #####'
########'###### ##..
#..........##.## #..#
#..........##..###...
#)...(...).##...##...
#..........##....##..
#...@C.....##..#...#.
#...C......###......#
#..........# ##.....#
############ #......
###### ##...#. ###
#.!..### ###...
##.###......## ##..
#...##..#....#########'
##..###..###..##........


You could see 2 titans.

Vanquished Creatures
  2 dread liches (Vaults:5)
  Margery (Depths:3)
  Xtahua (Vaults:5)
  2 caustic shrikes (Depths:4)
  3 golden dragons
  Nikola (Shoals:3)
  Jorgrun (Shoals:3)
  A Cloud Mage (WizLab)
  8 tentacled monstrosities
  3 liches
  Asterion (Depths:1)
  A titan (Vaults:5)
  A quicksilver dragon (Vaults:5)
  A deep elf blademaster (Elf:2)
  The ghost of Akuuror the Warrior, an adept GrFi of Okawaru (Snake:2)
  A kraken (Shoals:4)
  Kirke (Elf:1)
  Agnes (Elf:1)
  Gastronok (D:10)
  7 tengu reavers
  10 sphinxes
  8 shadow dragons
  A draconian monk (Depths:5)
  12 fire giants
  4 storm dragons
  7 frost giants
  8 nagarajas
  4 deep elf sorcerers
  2 iron dragons
  Roxanne (Elf:1)
  A draconian scorcher (Depths:5)
  Louise (Depths:4)
  A deep elf elementalist (Vaults:5)
  Aizul (Vaults:1)
  An angel (Depths:2)
  17 vault wardens
  12 ironheart preservers
  A ghoul (D:14)
  27 very ugly things
  A war gargoyle (Vaults:5)
  18 stone giants
  4 spriggan defenders
  7 vampire knights
  A deep elf annihilator (Elf:2)
  2 deep elf demonologists
  2 purple draconians (Depths:5)
  2 entropy weavers
  7 spark wasps
  A red draconian (Depths:5)
  2 yellow draconians (Depths:5)
  Snorg (Lair:3)
  2 blizzard demons (WizLab)
  The ghost of brinewave the Protected, a journeyman TeFi of Qazlal (Snake:1)
  11 ettins
  7 merfolk impalers
  2 merfolk javelineers
  3 eidola (Vaults:2)
  A deep elf death mage (Elf:2)
  Josephine (Lair:4)
  2 deep elf high priests
  13 fire dragons
  17 yaktaur captains
  13 ice dragons
  2 rakshasas
  6 great orbs of eyes
  34 vault guards
  19 naga warriors
  An anaconda (shapeshifter) (Depths:5)
  11 ogre magi
  3 alligator snapping turtles
  5 boulder beetles
  Erolcha (Orc:1)
  3 spriggan air magi
  2 ghost crabs (WizLab)
  5 hydras
  4 merfolk avatars
  Erica (D:11)
  4 merfolk aquamancers (Shoals:4)
  8 anacondas
  2 catoblepae
  43 two-headed ogres
  12 centaur warriors
  4 satyrs
  9 tengu warriors
  8 deep troll shamans
  23 dancing weapons
  3 deep troll earth magi
  12 naga sharpshooters
  7 shock serpents
  7 orc high priests (Orc:2)
  13 death yaks
  A soul eater (Gauntlet)
  4 vampire magi
  Nergalle (Lair:2)
  19 deep elf knights
  A shock serpent (shapeshifter) (D:14)
  6 spriggan berserkers
  19 hell knights
  2 salamander mystics
  An iron troll (Depths:5)
  A fire crab (shapeshifter) (Depths:2)
  2 shadow wraiths
  A sun demon (Volcano)
  3 death drakes (WizLab)
  11 skeletal warriors
  12 deep trolls
  2 unseen horrors
  An unseen horror (shapeshifter) (Vaults:3)
  15 sea snakes
  2 spriggan druids (Depths:2)
  3 glowing orange brains
  4 flayed ghosts
  10 naga ritualists
  An infernal demonspawn (Orc:2)
  13 deep elf archers
  3 wolf spiders
  4 phantasmal warriors
  14 ironbrand convokers
  26 deep elf zephyrmancers
  21 deep elf pyromancers
  8 necromancers
  9 mana vipers
  5 wizards
  21 orc knights
  A glowing shapeshifter (Vaults:5)
  62 ugly things
  A mana viper (shapeshifter) (Depths:1)
  2 wolf spider zombies (D:14)
  An oklob plant (Lair:6)
  23 harpies
  A shining eye (shapeshifter) (Depths:4)
  13 manticores
  8 orc sorcerers
  20 fauns
  13 salamanders
  A salamander (shapeshifter) (D:14)
  6 elephants (Lair:5)
  Maurice (D:9)
  15 cyclopes
  2 moths of wrath (shapeshifter)
  2 water nymphs (shapeshifter)
  36 black mambas
  4 centaur zombies (D:14)
  12 merfolk sirens
  26 naga magi
  12 vault sentinels
  An apocalypse crab (WizLab)
  A black mamba (shapeshifter) (Vaults:3)
  6 water nymphs
  9 cane toads
  An ice statue (IceCv)
  4 guardian serpents
  A torpor snail (Lair:4)
  4 spectral swamp worms (Depths:1)
  Psyche (D:8)
  A redback zombie (D:14)
  2 efreet
  4 rime drakes
  48 yaktaurs
  3 tengu conjurers
  A kobold demonologist (D:10)
  A yaktaur (shapeshifter) (Depths:3)
  5 freezing wraiths
  A komodo dragon (shapeshifter) (Vaults:4)
  6 komodo dragons
  A hellwing (Orc:2)
  32 merfolk
  A red devil (Volcano)
  A queen bee (IceCv)
  9 trolls
  A meliai (shapeshifter) (Elf:2)
  A meliai (IceCv)
  A jumping spider (shapeshifter) (Vaults:1)
  A wind drake (shapeshifter) (Vaults:4)
  12 hornets
  21 slime creatures
  15 polar bears
  2 hornets (shapeshifter)
  A raiju (Gauntlet)
  6 blink frogs
  8 wind drakes
  A tyrant leech (shapeshifter) (Vaults:5)
  10 snapping turtles
  A raiju (shapeshifter) (Depths:1)
  16 dream sheep
  A ynoxinul (Orc:2)
  18 air elementals
  A redback (shapeshifter) (Vaults:3)
  2 redbacks (Vaults:5)
  Sigmund (D:2)
  5 wraiths
  A tarantella (shapeshifter) (Vaults:3)
  19 water elementals
  78 yaks
  6 fire bats
  30 spriggans
  2 vampires
  A human (shapeshifter) (Depths:3)
  5 wyverns
  2 fire elementals
  2 neqoxecs
  5 basilisks
  5 hogs (Elf:1)
  21 humans
  A human simulacrum (Vaults:1)
  Grum (D:9)
  A yaktaur simulacrum (Vaults:2)
  6 wargs
  45 nagas
  2 acid dragons
  A soldier ant (shapeshifter) (Elf:2)
  A soldier ant (D:13)
  16 water moccasins
  A hell hound (Volcano)
  A floating eye (Depths:3)
  A floating eye (shapeshifter) (Depths:3)
  4 ice beasts
  65 orc warriors
  6 sky beasts
  13 black bears
  A hornet zombie (D:15)
  An ice beast (shapeshifter) (D:14)
  An ogre (shapeshifter) (Depths:2)
  25 ogres
  23 boggarts
  3 eyes of draining
  3 necrophages
  53 wolves
  3 phantoms
  7 centaurs
  16 kobold brigands
  16 bullfrogs
  An earth elemental (Elf:2)
  A wyvern zombie (D:14)
  7 scorpions
  2 howler monkeys
  14 killer bees
  8 wights
  An electric eel (Lair:3)
  A bullfrog zombie (D:13)
  7 lava snakes (Volcano)
  An iron imp (Depths:3)
  8 hounds
  7 jellies
  29 orc priests
  7 centaur skeletons
  4 iguanas
  4 bullfrog skeletons
  24 orc wizards
  5 hell rats (Lair:3)
  12 worker ants
  A hound skeleton (D:4)
  A mummy (D:14)
  Robin (D:3)
  A howler monkey zombie (D:10)
  4 gnolls (D:5)
  12 adders
  5 shadow imps
  2 white imps
  2 ufetubi
  2 adder zombies
  3 adder skeletons
  2 dart slugs
  5 leopard geckos
  126 orcs
  13 bats
  4 giant cockroaches
  17 goblins
  14 hobgoblins
  29 jackals
  4 quokkas
  6 frilled lizards
  A jackal skeleton (D:6)
  39 kobolds
  7 rats
  21 bushes (Depths:2)
  A plant (Shoals:4)
2268 creatures vanquished.

Vanquished Creatures (collateral kills)
  Frederick (Vaults:2)
  A daeva (Depths:2)
  A minotaur (Gauntlet)
  A crystal guardian (Vaults:2)
  A harpy (Shoals:3)
  A wolf (IceCv)
6 creatures vanquished.

Vanquished Creatures (others)
  A very ugly thing (Depths:2)
  A deep elf knight (Elf:1)
  A shadow wraith (Vaults:5)
  A death drake (WizLab)
  A manticore (Shoals:4)
  5 dream sheep (D:8)
  3 boggarts
  An electric eel (D:15)
  A jelly (D:15)
  An orc (Orc:1)
  90 bushes (Depths:2)
  67 fungi
  339 plants
  4 tentacles (Shoals:4)
  30 withered plants
546 creatures vanquished.

Grand Total: 2820 creatures vanquished

Notes
Turn   | Place    | Note
-------+----------+-------------------------------------------
     0 | D:1      | GeorgeSoros the Tengu Fighter began the quest for the Orb.
     0 | D:1      | Reached XP level 1. HP: 14/14 MP: 2/2
     0 | D:1      | Upgraded the game from 0.27-a0-287-gd4424db to
                  | 0.27-a0-379-g34d631f
   131 | D:1      | Reached XP level 2. HP: 19/19 MP: 3/3
   319 | D:1      | Reached XP level 3. HP: 23/23 MP: 4/4
  1044 | D:2      | Found a faded altar of an unknown god.
  1086 | D:2      | Noticed Sigmund
  1088 | D:2      | Killed Sigmund
  1089 | D:2      | Reached skill level 4 in Armour
  1089 | D:2      | Reached skill level 1 in Evocations
  1089 | D:2      | Reached XP level 4. HP: 29/29 MP: 5/5
  1089 | D:2      | Gained mutation: You can fly continuously. [Tengu growth]
  1089 | D:2      | Reached XP level 5. HP: 33/33 MP: 6/6
  1172 | D:2      | Reached XP level 6. HP: 38/38 MP: 7/7
  1917 | D:3      | Found a glowing golden altar of the Shining One.
  2084 | D:3      | Noticed Robin
  2120 | D:3      | Killed Robin
  2585 | D:4      | Found a radiant altar of Vehumet.
  2735 | D:4      | Reached skill level 1 in Long Blades
  2747 | D:4      | Reached skill level 5 in Armour
  2747 | D:4      | Reached XP level 7. HP: 44/44 MP: 8/8
  2788 | D:4      | Found the +7 Singing Sword {vorpal, sonic wave}
  3335 | D:4      | Found a shimmering blue altar of Sif Muna.
  3513 | D:5      | Entered Level 5 of the Dungeon
  3742 | D:5      | Reached skill level 5 in Shields
  3873 | D:5      | Reached XP level 8. HP: 31/48 MP: 9/9
  4008 | D:5      | Found a staircase to the Ecumenical Temple.
  4047 | Temple   | Entered the Ecumenical Temple
  4290 | Temple   | Became a worshipper of Nemelex Xobeh the Trickster
  5157 | D:6      | Reached skill level 6 in Armour
  5455 | D:6      | Found a shadowy altar of Dithmenos.
  5457 | D:6      | Found a hazy altar of Hepliaklqana.
  5465 | D:6      | Found a glowing silver altar of Zin.
  5497 | D:6      | Found a bloodstained altar of Trog.
  6307 | D:6      | Reached skill level 5 in Long Blades
  6730 | D:7      | Reached XP level 9. HP: 51/52 MP: 10/10
  6780 | D:7      | Reached skill level 5 in Evocations
  6882 | D:7      | Reached * piety under Nemelex Xobeh
  7321 | D:7      | Found a basalt altar of Yredelemnul.
  7321 | D:7      | Found an ornate altar of the Wu Jian Council.
  7459 | D:7      | Received a gift from Nemelex Xobeh
  7725 | D:7      | You are sucked into a shaft and drop 2 floors!
  7845 | D:9      | Noticed Grum
  7868 | D:9      | Reached skill level 7 in Armour
  7872 | D:9      | Killed Grum
  7873 | D:9      | Reached XP level 10. HP: 25/58 MP: 11/11
  8053 | D:9      | Noticed Maurice
  8058 | D:9      | Killed Maurice
  8197 | D:8      | Reached skill level 8 in Armour
  8796 | D:8      | Found a shimmering altar of Xom.
  8802 | D:8      | Reached ** piety under Nemelex Xobeh
  9164 | D:8      | Noticed Psyche
  9294 | D:8      | Killed Psyche
  9378 | D:9      | Found Ecirew's Armour Shoppe.
  9424 | D:9      | Noticed a brown ugly thing
  9945 | D:9      | Killed a brown ugly thing
  9946 | D:9      | Reached skill level 9 in Armour
 10125 | D:9      | Found an iron altar of Okawaru.
 10125 | D:9      | Found a burning altar of Makhleb.
 10131 | D:9      | Found an ancient bone altar of Kikubaaqudgha.
 10133 | D:9      | Found a faded altar of an unknown god.
 10135 | D:9      | Found a broken altar of Ashenzari.
 10196 | D:10     | Entered Level 10 of the Dungeon
 10211 | D:10     | Reached XP level 11. HP: 60/62 MP: 12/12
 10212 | D:10     | Reached skill level 5 in Fighting
 10537 | D:10     | Noticed an orc knight
 10557 | D:10     | Killed an orc knight
 10596 | D:10     | Found the +7 Spriggan's Knife {stab, EV+4 Stlth+}
 10796 | D:10     | Noticed a two-headed ogre
 10818 | D:10     | Killed a two-headed ogre
 10819 | D:10     | Reached skill level 10 in Shields
 11228 | D:9      | Found a sparkling altar of Nemelex Xobeh.
 11267 | D:10     | Reached *** piety under Nemelex Xobeh
 11269 | D:10     | Noticed Gastronok
 11279 | D:10     | Killed Gastronok
 11280 | D:10     | Reached skill level 10 in Long Blades
 11280 | D:10     | Reached skill level 10 in Armour
 11391 | D:10     | Received a gift from Nemelex Xobeh
 11631 | D:10     | Found a staircase to the Orcish Mines.
 11843 | D:11     | Noticed Erica
 11848 | D:11     | Killed Erica
 11849 | D:11     | Reached XP level 12. HP: 57/72 MP: 13/13
 12019 | D:11     | Found a staircase to the Lair.
 12402 | D:11     | Reached skill level 11 in Armour
 12766 | Lair:1   | Entered Level 1 of the Lair of Beasts
 12768 | Lair:1   | Found a gate leading to a gauntlet.
 12783 | Lair:1   | Reached XP level 13. HP: 78/78 MP: 14/14
 12784 | Lair:1   | Reached skill level 15 in Long Blades
 12784 | Lair:1   | Reached XP level 14. HP: 83/83 MP: 15/15
 12787 | Gauntlet | Entered a Gauntlet
 12787 | Gauntlet | Received a gift from Nemelex Xobeh
 12787 | Gauntlet | Found a transporter.
 12787 | Gauntlet | Found a transporter.
 12791 | Gauntlet | Found a transporter.
 12791 | Gauntlet | Found a transporter.
 12807 | Gauntlet | Noticed an entropy weaver
 12811 | Gauntlet | Found a transporter.
 12811 | Gauntlet | Found a transporter.
 12835 | Gauntlet | Found a transporter.
 12842 | Gauntlet | Found a transporter.
 12851 | Gauntlet | Found a transporter.
 12854 | Gauntlet | Found a transporter.
 12872 | Gauntlet | Found a transporter.
 12873 | Gauntlet | Found the +2 Maxwell's thermic engine {flame, freeze}
 12896 | Gauntlet | Found a transporter.
 12949 | Gauntlet | Found a transporter.
 13146 | Gauntlet | Found a transporter.
 13173 | Gauntlet | Killed an entropy weaver
 13186 | Gauntlet | Got a pitted amber ring
 13190 | Gauntlet | Identified the ring "Icwunu" {rF++ Dex+6} (You found it in
                  | a Gauntlet)
 13348 | Gauntlet | Got a crystal short sword
 13348 | Gauntlet | Got a faintly glowing ring mail
 13381 | Lair:1   | Identified the +1 ring mail of the Elven Halls {rC++ Will-
                  | SInv} (You found it in a Gauntlet)
 13416 | Lair:1   | Identified the +7 short sword of the Desolation of Salt
                  | {pain, Dex+5} (You found it in a Gauntlet)
 13499 | Lair:1   | Got an ancient flail
 13500 | Lair:1   | Identified the +10 flail "Muoweng" {speed, rElec} (You
                  | found it on level 1 of the Lair of Beasts)
 13502 | Lair:1   | Reached **** piety under Nemelex Xobeh
 13774 | Lair:1   | Received a gift from Nemelex Xobeh
 13925 | Lair:2   | Found a frozen archway.
 13933 | IceCv    | Entered an ice cave
 14171 | IceCv    | Reached skill level 12 in Armour
 14322 | IceCv    | Identified the +0 long sword of Checks and Balances {vamp,
                  | rN+ Will+}
 14367 | IceCv    | Reached XP level 15. HP: 82/90 MP: 16/16
 14444 | IceCv    | Noticed a frost giant
 14456 | IceCv    | Killed a frost giant
 14533 | IceCv    | Got a crude lead amulet
 14544 | IceCv    | Identified the amulet of Gowkewuwn {Reflect +Inv rC- rN+++
                  | Dex+7 SH+5} (You found it in an ice cave)
 14835 | Lair:2   | Noticed Nergalle
 14842 | Lair:2   | Killed Nergalle
 14866 | Lair:2   | Received a gift from Nemelex Xobeh
 14909 | Lair:2   | Reached skill level 1 in Dodging
 15192 | Lair:2   | Received a gift from Nemelex Xobeh
 15360 | Lair:2   | Reached ***** piety under Nemelex Xobeh
 15737 | Lair:3   | Received a gift from Nemelex Xobeh
 15959 | Lair:3   | Noticed Snorg
 15977 | Lair:3   | Killed Snorg
 15978 | Lair:3   | Reached skill level 10 in Fighting
 16174 | Lair:3   | Found a staircase to the Shoals.
 16850 | Lair:4   | Noticed Josephine
 16857 | Lair:4   | Killed Josephine
 16906 | Lair:4   | Found a staircase to the Snake Pit.
 17287 | Lair:4   | Received a gift from Nemelex Xobeh
 17570 | Lair:4   | Reached skill level 13 in Armour
 17917 | Lair:5   | Found a transporter.
 17919 | Lair:5   | Found a transporter.
 17939 | Lair:5   | Reached skill level 5 in Dodging
 17952 | Lair:5   | Received a gift from Nemelex Xobeh
 18188 | Lair:5   | Found a staircase to the Slime Pits.
 18189 | Lair:5   | Found a viscous altar of Jiyva.
 18231 | Lair:5   | Received a gift from Nemelex Xobeh
 18569 | Lair:6   | Entered Level 6 of the Lair of Beasts
 18569 | Lair:6   | Received a gift from Nemelex Xobeh
 18691 | Lair:6   | Reached ****** piety under Nemelex Xobeh
 18698 | Lair:6   | Found a dark tunnel.
 18705 | Volcano  | Entered a volcano
 18903 | Volcano  | Found a burning altar of Makhleb.
 18953 | Volcano  | Found a burning altar of Makhleb.
 19089 | Lair:6   | Reached XP level 16. HP: 99/100 MP: 17/17
 19346 | Lair:6   | Received a gift from Nemelex Xobeh
 19428 | Lair:6   | Reached skill level 14 in Armour
 20515 | Orc:1    | Entered Level 1 of the Orcish Mines
 20733 | Orc:2    | Entered Level 2 of the Orcish Mines
 20733 | Orc:2    | Found a staircase to the Elven Halls.
 20733 | Orc:2    | Received a gift from Nemelex Xobeh
 20769 | Orc:1    | Paralysed by an orc sorcerer for 4 turns
 20772 | Orc:1    | Noticed Erolcha
 20775 | Orc:1    | Killed Erolcha
 21097 | Orc:2    | Found Buujah's General Store.
 21098 | Orc:2    | Found Maphalin's General Store.
 21611 | Orc:2    | Found Vojo Wea's Book Emporium.
 21611 | Orc:2    | Found Dioxa's Antique Weapon Shoppe.
 21612 | Orc:2    | Found a one-way gate leading to the halls of Pandemonium.
 21619 | Orc:2    | Bought an encrusted demon blade for 600 gold pieces
 21619 | Orc:2    | Identified the +9 demon blade of Might {freeze, rElec rF-
                  | Int+3 Dex+7} (You bought it in a shop on level 2 of the
                  | Orcish Mines)
 21670 | Orc:2    | Found Raocracs's Jewellery Shoppe.
 21797 | Orc:2    | Received a gift from Nemelex Xobeh
 22745 | D:12     | You are sucked into a shaft and drop 3 floors!
 22745 | D:15     | Entered Level 15 of the Dungeon
 22800 | D:15     | Received a gift from Nemelex Xobeh
 23083 | D:14     | Found a gate to the Vaults.
 23087 | D:14     | Reached XP level 17. HP: 107/107 MP: 18/18
 23627 | D:14     | Reached skill level 15 in Armour
 24184 | D:13     | Received a gift from Nemelex Xobeh
 24791 | D:9      | Bought the +1 cloak of Protective Custody {rF+ Regen+
                  | Int+3} for 327 gold pieces
 24962 | Snake:1  | Entered Level 1 of the Snake Pit
 25024 | Snake:1  | Received a gift from Nemelex Xobeh
 25081 | Snake:1  | Reached skill level 10 in Dodging
 25115 | Snake:1  | Noticed brinewave's ghost (journeyman TeFi)
 25152 | Snake:1  | Found a runed translucent gate.
 25152 | Snake:1  | Found a runed translucent gate.
 25153 | Snake:1  | Found a runed translucent gate.
 25408 | Snake:1  | Reached skill level 15 in Shields
 25513 | Snake:1  | Received a gift from Nemelex Xobeh
 25637 | Snake:1  | Killed brinewave's ghost
 26109 | Snake:2  | Received a gift from Nemelex Xobeh
 26371 | Snake:2  | Reached XP level 18. HP: 115/115 MP: 19/19
 26469 | Snake:2  | Reached skill level 16 in Armour
 26740 | Snake:2  | Received a gift from Nemelex Xobeh
 26757 | Snake:2  | Found a runed translucent door.
 26758 | Snake:2  | Noticed Akuuror's ghost (adept GrFi)
 27346 | Snake:2  | Killed Akuuror's ghost
 27357 | Snake:2  | Identified the Compendium of Envenoming
 27955 | Snake:4  | Entered Level 4 of the Snake Pit
 28035 | Snake:4  | Received a gift from Nemelex Xobeh
 28521 | Snake:4  | Reached skill level 17 in Armour
 28690 | Snake:4  | Got a serpentine rune of Zot
 28970 | Snake:4  | Received a gift from Nemelex Xobeh
 29250 | Shoals:1 | Entered Level 1 of the Shoals
 29266 | Shoals:1 | Reached XP level 19. HP: 123/123 MP: 20/20
 29301 | Shoals:1 | Reached skill level 15 in Fighting
 29385 | Shoals:1 | Identified a scroll of acquirement
 29385 | Shoals:1 | Acquired a manual of Air Magic
 29399 | Shoals:1 | Learned a level 9 spell: Tornado
 29864 | Shoals:1 | You are sucked into a shaft and drop 1 floor!
 29907 | Shoals:2 | Received a gift from Nemelex Xobeh
 30116 | Shoals:2 | Received a gift from Nemelex Xobeh
 30236 | Shoals:2 | Got a translucent ring mail
 30247 | Shoals:2 | Identified the +1 ring mail of Tent {rElec rC+++ Will+
                  | Int-4} (You found it on level 2 of the Shoals)
 30799 | Shoals:3 | Reached skill level 18 in Armour
 30799 | Shoals:3 | Noticed Nikola
 30806 | Shoals:3 | Noticed Jorgrun
 30812 | Shoals:3 | Killed Nikola
 30832 | Shoals:3 | Killed Jorgrun
 30926 | Shoals:3 | Received a gift from Nemelex Xobeh
 31375 | Shoals:3 | Received a gift from Nemelex Xobeh
 31468 | Shoals:4 | Entered Level 4 of the Shoals
 31497 | Shoals:4 | Found the ring of the Mage {Wiz Will++ Int+3}
 31545 | Shoals:4 | Reached skill level 1 in Air Magic
 31647 | Shoals:4 | Reached XP level 20. HP: 110/131 MP: 21/21
 31657 | Shoals:4 | Reached skill level 5 in Air Magic
 31681 | Shoals:4 | Received a gift from Nemelex Xobeh
 31838 | Shoals:4 | Got a barnacled rune of Zot
 31884 | Shoals:4 | Identified the Compendium of Translocation and the
                  | Volcanoes
 32649 | Elf:1    | Entered Level 1 of the Elven Halls
 32673 | Elf:1    | Found a radiant altar of Vehumet.
 32678 | Elf:1    | Noticed Kirke
 32706 | Elf:1    | Killed Kirke
 32715 | Elf:1    | Identified the +0 robe of Ampiysul {Rampage}
 32715 | Elf:1    | Noticed Agnes
 32717 | Elf:1    | Reached skill level 10 in Evocations
 32719 | Elf:1    | Killed Agnes
 32870 | Elf:1    | Identified Roxanne's Volume of Transmigration
 32870 | Elf:1    | Noticed Roxanne
 32885 | Elf:1    | Received a gift from Nemelex Xobeh
 32971 | Elf:1    | Identified the Volume of Combat Magic
 33140 | Elf:1    | Found a runed translucent gate.
 33140 | Elf:1    | Found a runed translucent gate.
 33140 | Elf:1    | Found a runed translucent gate.
 33140 | Elf:1    | Found an opulent altar of Gozag.
 33141 | Elf:1    | Noticed skewfiend's ghost (adept PaEn)
 33415 | Elf:1    | Killed Roxanne
 33525 | Elf:2    | Found Tose's Magic Scroll Shoppe.
 33544 | Elf:2    | Reached skill level 10 in Air Magic
 33555 | Elf:2    | Bought a scroll of blinking for 112 gold pieces
 33665 | Elf:2    | Reached skill level 19 in Armour
 33707 | Elf:2    | Found a huge runed translucent gate.
 33707 | Elf:2    | Found a huge runed translucent gate.
 33707 | Elf:2    | Found a huge runed translucent gate.
 33707 | Elf:2    | Found a huge runed translucent gate.
 33711 | Elf:2    | Found a huge runed translucent gate.
 33777 | Elf:2    | Got a blackened chain mail
 33788 | Elf:2    | Identified the +2 chain mail "Caguchyliu" {rPois rN+++
                  | Str-2 Int-3} (You found it on level 2 of the Elven Halls)
 34024 | Elf:2    | Received a gift from Nemelex Xobeh
 34353 | Elf:2    | Upgraded the game from 0.27-a0-379-g34d631f to
                  | 0.27-a0-380-g150de4c
 34384 | Elf:2    | Reached XP level 21. HP: 96/138 MP: 22/22
 34783 | D:14     | Upgraded the game from 0.27-a0-380-g150de4c to
                  | 0.27-a0-383-g9b90508
 34784 | Vaults:1 | Entered Level 1 of the Vaults
 35003 | Vaults:1 | Found Zanegyuph's Weapon Boutique.
 35004 | Vaults:1 | Received a gift from Nemelex Xobeh
 35659 | Vaults:1 | Received a gift from Nemelex Xobeh
 35948 | Vaults:2 | Noticed Aizul
 35971 | Vaults:1 | Killed Aizul
 36276 | Vaults:2 | Noticed Frederick
 36293 | Vaults:2 | Killed Frederick
 36385 | Vaults:2 | Found a staircase to the Crypt.
 36760 | Vaults:2 | Received a gift from Nemelex Xobeh
 36760 | Vaults:2 | You are sucked into a shaft and drop 2 floors!
 36768 | Vaults:4 | Reached skill level 15 in Air Magic
 36963 | Vaults:4 | Received a gift from Nemelex Xobeh
 37013 | Vaults:4 | Reached skill level 20 in Armour
 37083 | Vaults:4 | Reached XP level 22. HP: 146/146 MP: 23/23
 37813 | Vaults:4 | Received a gift from Nemelex Xobeh
 38225 | Vaults:3 | Received a gift from Nemelex Xobeh
 38348 | Vaults:3 | Learned a level 6 spell: Freezing Cloud
 38391 | Vaults:3 | Reached skill level 1 in Conjurations
 38451 | Vaults:3 | Reached skill level 1 in Ice Magic
 38471 | Vaults:3 | Received a gift from Nemelex Xobeh
 38974 | Vaults:3 | Received a gift from Nemelex Xobeh
 39348 | Vaults:3 | Identified the +10 flail of the Wary Visions {elec, *Rage
                  | rF+ rC+ Int+3}
 39404 | Vaults:2 | Reached skill level 5 in Conjurations
 39436 | Vaults:2 | Reached XP level 23. HP: 153/153 MP: 24/24
 39545 | Vaults:2 | Received a gift from Nemelex Xobeh
 39738 | Vaults:2 | Received a gift from Nemelex Xobeh
 40115 | D:15     | Found a staircase to the Depths.
 40962 | Depths:1 | Entered Level 1 of the Depths
 41295 | Depths:1 | Received a gift from Nemelex Xobeh
 41310 | Depths:1 | Found a one-way gate to the infinite horrors of the Abyss.
 41567 | Depths:1 | Received a gift from Nemelex Xobeh
 41721 | Depths:1 | Found a gateway to Hell.
 41761 | Depths:1 | Noticed Asterion
 41768 | Depths:1 | Reached skill level 5 in Ice Magic
 41787 | Depths:1 | Killed Asterion
 42091 | Depths:1 | Found the macabre finger necklace {rN+}
 42268 | Depths:2 | Reached skill level 21 in Armour
 42435 | Depths:2 | Found a gateway to a ziggurat.
 42538 | Depths:2 | Received a gift from Nemelex Xobeh
 42609 | Depths:2 | Identified the +2 trident of Akhas {flame, Dex+2}
 42734 | Depths:2 | Identified the +9 long sword of Taxation {protect, Str+6}
 42853 | Depths:2 | Reached XP level 24. HP: 139/160 MP: 24/24
 43061 | Depths:2 | Found a runed translucent gate.
 43062 | Depths:2 | Found a runed translucent gate.
 43063 | Depths:2 | Found a runed translucent gate.
 43065 | Depths:2 | Noticed Wukhi's ghost (adept TrMo)
 43066 | Depths:2 | Noticed Dimomapy's ghost (veteran GrVM)
 43066 | Depths:2 | Noticed Jacegobi's ghost (adept TrMo)
 43226 | Depths:3 | Noticed Margery
 43238 | Depths:3 | Killed Margery
 43846 | Depths:3 | Reached skill level 10 in Conjurations
 43927 | Depths:3 | Identified the +0 flail of Infinite Pain {freeze, rPois rF+
                  | rN+ Will-}
 43928 | Depths:3 | Paralysed by a floating eye for 3 turns
 43936 | Depths:3 | Paralysed by a floating eye for 4 turns
 44026 | Depths:3 | Got a crude silver ring
 44028 | Depths:3 | Identified the ring of Keallyce {+Fly rF- Str+6 Slay+4}
                  | (You found it on level 3 of the Depths)
 44476 | Depths:4 | Received a gift from Nemelex Xobeh
 44582 | Depths:4 | Noticed Louise
 44586 | Depths:4 | Killed Louise
 44649 | Depths:4 | Found a magical portal.
 44654 | WizLab   | Entered The Chambers of the Cloud Mage
 45098 | WizLab   | Identified the Almanac of Weightlessness
 45107 | WizLab   | Identified the Catalogue of Ensnaring Displacement
 45442 | Depths:4 | Noticed a caustic shrike
 45449 | Depths:4 | Killed a caustic shrike
 45465 | Depths:4 | Received a gift from Nemelex Xobeh
 45650 | Depths:4 | Reached XP level 25. HP: 166/166 MP: 24/24
 45785 | Depths:4 | Gained mutation: Armour fits poorly on your strangely
                  | shaped body. [a shining eye]
 45910 | Depths:4 | Received a gift from Nemelex Xobeh
 46519 | Depths:3 | Reached skill level 22 in Armour
 46568 | Depths:3 | Received a gift from Nemelex Xobeh
 46673 | Depths:5 | Entered Level 5 of the Depths
 46692 | Depths:5 | Upgraded the game from 0.27-a0-383-g9b90508 to
                  | 0.27-a0-385-g3208aba
 46987 | Depths:5 | Found a white marble altar of Elyvilon.
 47334 | Depths:5 | Received a gift from Nemelex Xobeh
 47468 | Depths:5 | Found a gate to the Realm of Zot.
 48399 | Vaults:5 | Entered Level 5 of the Vaults
 48404 | Vaults:5 | Reached skill level 23 in Armour
 48404 | Vaults:5 | Reached skill level 15 in Dodging
 48404 | Vaults:5 | Reached XP level 26. HP: 79/174 MP: 24/24
 48559 | Vaults:5 | Noticed a dread lich
 48568 | Vaults:5 | Killed a dread lich
 48581 | Vaults:5 | Noticed Xtahua
 48583 | Vaults:5 | Identified the ring of Lasoih {+Inv rElec rC- Slay-3 SInv}
 48584 | Vaults:5 | Reached skill level 1 in Invocations
 48584 | Vaults:5 | Noticed a dread lich
 48663 | Vaults:5 | Killed a dread lich
 48665 | Vaults:5 | Killed Xtahua
 48669 | Vaults:5 | Reached skill level 5 in Invocations
 48676 | Vaults:4 | Mangled by a titan

Illustrated notes

Levels and vault maps discovered:
D:1:      dpeg_arrival_round_b, layout_basic, chequers_serial_rivers_marsh,
          corexii_item_surrounded_by_moat
D:2:      layout_loops_ring, chequers_ecumenical_altar_simple, uniq_sigmund
D:3:      layout_rooms, tso_altar, uniq_robin
D:4:      old_forge, layout_basic, general_overflow_altar,
          overflow_temple_1_default
D:5:      layout_basic, minmay_temple_entry_antechambers,
          chequers_serial_rivers_small_b
D:6:      layout_basic, old_standard_altar, minitemple
D:7:      layout_basic, gammafunk_temple_overflow_statue,
          minmay_manual_mandibuliform
D:8:      layout_cave_pools, kb_xom_exploding_sheep, uniq_psyche
D:9:      lemuel_upstairs_altar, layout_cave_pools,
          chequers_temple_overflow_minitemple, serial_shops, shop, minivault_16,
          uniq_grum, uniq_maurice
D:10:     layout_roguey, erik_orc_2, special_room [special_room_kobold],
          hangedman_abyss_or_decor_passed, uniq_gastronok
D:11:     layout_loops_ring, minmay_lair_entry_grove, uniq_erica
D:12:     layout_grid_maze, serial_shops, shop, uniq_urug
D:13:     layout_rooms
D:14:     layout_irregular_city, grunt_vaults_entry_tiered, serial_undead,
          serial_undead_a, serial_undead_f, serial_undead_e, serial_undead_d,
          serial_undead_a, serial_undead_e
D:15:     hangedman_depths_entry_try_elsewhere_first, layout_basic,
          nicolae_twisting_strands, fountainhead
Temple:   jpeg_temple_alley_garden
Lair:1:   layout_hall_layers, gauntlet_entry_generic, beast_lair_carwin_9
Lair:2:   layout_regular_city, portal_ice_cave_rime, fungi_pond_lemuel,
          uniq_nergalle
Lair:3:   layout_long_grid, minmay_shoals_entry_hut,
          nicolae_quartered_pool_little, infiniplex_staircase_pool,
          lemuel_fruit_fields, uniq_snorg
Lair:4:   layout_cave_pods, minmay_snake_entry_guardpost_small, uniq_josephine
Lair:5:   gammafunk_boulding_lane, layout_regular_city, slime_altar_1,
          grunt_megastairs_3
Lair:6:   minmay_lair_end_enchanted_forest, layout_cave_pods, enter_volcano_2
Shoals:1: layout_shoals
Shoals:2: layout_shoals
Shoals:3: cheibrodos_shoals_roost, layout_shoals, uniq_nikola, uniq_jorgrun
Shoals:4: shoals_end_grunt_garden, layout_shoals
Snake:1:  layout_rooms, gammafunk_ghost_split
Snake:2:  layout_layer_cave, ebering_ghost_reflecting_pool
Snake:3:  layout_rooms
Snake:4:  snake_pit, layout_cave_town, nicolae_snake_single_loop
Orc:1:    layout_diamond_mine, uniq_erolcha
Orc:2:    pf_orc_diabolical, layout_caves, serial_shops, shop,
          statue_in_the_mist_lemuel
Elf:1:    eino_elf_arrival_altar, layout_geoelf_octagon, ebering_ghost_gozag,
          minmay_elf_annihilation, uniq_agnes, uniq_roxanne, uniq_kirke
Elf:2:    layout_loops_cross, serial_shops, shop
Vaults:1: nicolae_vaults_little_squares_6, v_misc_26, dpeg_vaults_monster_row,
          vaults_standard_mumra_x, ontoclasm_vaults_spin, ontoclasm_vaults_chip,
          ontoclasm_vaults_ring_square, nicolae_vaults_big_angled_halls,
          v_misc_12, vaults_room_large_hall, ontoclasm_vaults_loading_screen,
          ontoclasm_vaults_shuriken, nicolae_vaults_theta,
          ontoclasm_vaults_ring_square, nicolae_vaults_big_angled_halls,
          layout_vaults_omnibox, serial_shops, nicolae_shop_trees
Vaults:2: v_misc_33, nicolae_vaults_puzzle_piece, nicolae_vaults_alarming,
          minmay_crypt_entry_simple_statues,
          vaults_room_grunt_arrival_checkpoint, ontoclasm_vaults_gateway,
          v_misc_13, hangedman_vaults_hat, vaults_dpeg_diagonal,
          vaults_room_stairs_pillars, layout_vaults_chaotic_city, uniq_aizul,
          uniq_frederick
Vaults:3: dpeg_vaults_pockets_of_resistance, vaults_mumra_lcd,
          nicolae_vaults_little_squares_1, nicolae_vaults_shelves_hall,
          hangedman_vaults_locks, nicolae_vaults_inception_scallops,
          nicolae_vaults_network_square, nicolae_vaults_network_s,
          v_alt_pattern_6, nicolae_vaults_three_branches,
          nicolae_vaults_little_squares_1, layout_vaults_omnigrid
Vaults:4: nicolae_vaults_little_squares_4, v_misc_2, hangedman_vaults_stagger,
          hangedman_vaults_maws, nicolae_vaults_little_squares_1,
          hangedman_vaults_slice, hangedman_vaults_corner_blocks,
          vaults_room_hallway, nicolae_vaults_asterisk, v_misc_15, v_misc_15,
          v_misc_31, ontoclasm_vaults_ring_large, layout_vaults_omnicross
Vaults:5: serial_shops, uniq_xtahua
Depths:1: layout_cross, pf_hell_entry_tar_river, hangedman_abyss_entry_splay,
          hangedman_decor_riveting, library_closet, corexii_hall_statues_x,
          kilobyte_mutagenic_chamber, uniq_asterion
Depths:2: minmay_spriggan_fort, layout_cave_pools, enter_ziggurat_d,
          chequers_serial_rivers_small_a, gammafunk_ghost_cemetery, hell_entry,
          lightli_fourway_metalbox, firewood_loft
Depths:3: minmay_nested_s, layout_basic, rand_demon_pan_entry_5, hell_entry,
          lemuel_statue_altar, infiniplex_staircase_pillars_3b, uniq_margery
Depths:4: minmay_three_patterns, layout_basic, infiniplex_enter_wizlab_spiral,
          minmay_stone_trees_small, hell_entry,
          nicolae_abyss_entry_one_way_or_another
Depths:5: grunt_zot_entry_tricorne, layout_gridlike, abyss_entry,
          lemuel_crystal_altar, hangedman_coc_ice_floe,
          infiniplex_staircase_pool_lava, grunt_megastairs_4,
          serial_bayou_shore_b, serial_bayou_shore_b

Skill      XL: |  1  2  3  4  5  6  7  8  9 10 11 12 13 14 15 16 17 18 19 20 21 22 23 24 25 26 |
---------------+-------------------------------------------------------------------------------+-----
Fighting       | 4 7 9 11 12 13 14 16 17 18 19 20 | 20.0
Armour         | 4 5 6 7 9 10 11 12 13 14 15 17 18 19 20 21 23 | 23.0
Shields        | 4 5 6 8 9 10 11 12 13 14 15 | 15.9
Evocations     | 1 2 3 4 6 9 10 | 10.9
Long Blades    | 1 3 5 7 9 10 13 15 16 17 18 | 18.5
Dodging        | 5 8 11 13 15 17 | 17.0
Air Magic      | 4 11 15 17 18 19 | 19.6
Conjurations   | 5 8 11 12 | 12.4
Ice Magic      | 3 6 8 9 |  9.1
Invocations    | 5 |  5.5
Short Blades   | |  2.8

Action                   |  1- 3 |  4- 6 |  7- 9 | 10-12 | 13-15 | 16-18 | 19-21 | 22-24 | 25-27 || total
-------------------------+-------+-------+-------+-------+-------+-------+-------+-------+-------++-------
Melee: Rapier            |    73 |    63 |       |       |       |       |       |       |       ||   136
       Kick              |    16 |    41 |    44 |    79 |   214 |   519 |   491 |   623 |   215 ||  2242
       Peck              |    12 |    20 |    27 |    38 |   110 |   305 |   311 |   400 |   117 ||  1340
       Long sword        |       |    72 |    27 |       |       |       |       |       |       ||    99
       Double sword      |       |       |   163 |   313 |   477 |  1035 |   959 |  1056 |   362 ||  4365
Invok: Draw Escape       |       |       |       |     1 |     2 |     2 |     9 |     2 |     2 ||    18
       Draw Destruction  |       |       |       |       |    13 |     1 |    20 |     9 |     9 ||    52
       Draw Summoning    |       |       |       |       |     3 |       |     5 |     3 |       ||    11
 Abil: Fly               |       |     1 |       |       |       |       |       |       |       ||     1
Evoke: Wand              |     2 |       |       |    23 |     2 |       |     1 |     1 |       ||    29
  Use: Scroll            |     6 |     4 |     6 |     9 |     3 |     3 |    10 |     4 |     5 ||    50
       Potion            |       |       |       |     1 |     2 |     4 |     5 |     1 |     3 ||    16
 Stab: Distracted        |       |       |       |       |       |       |     5 |       |       ||     5
       Petrifying        |       |       |       |       |       |       |       |     3 |       ||     3
       Petrified         |       |       |       |       |       |       |       |     2 |       ||     2
       Invisible         |       |       |       |       |       |       |       |     4 |       ||     4
Armor: Scale mail        |    39 |    64 |    33 |       |       |       |       |       |       ||   136
       Leather armour    |       |       |    23 |       |       |       |       |       |       ||    23
       Chain mail        |       |       |    17 |    72 |       |       |       |       |       ||    89
       Plate armour      |       |       |       |    76 |    35 |       |       |       |       ||   111
       Ring mail         |       |       |       |       |    65 |       |       |       |       ||    65
       Crystal plate arm |       |       |       |       |    38 |   259 |   236 |   122 |       ||   655
       Ice dragon scales |       |       |       |       |       |       |       |    73 |     1 ||    74
       Gold dragon scale |       |       |       |       |       |       |       |       |    89 ||    89
Dodge: Dodged            |    19 |    47 |    55 |    75 |    99 |   231 |   315 |   395 |   207 ||  1443
Block: Kite shield       |    30 |    73 |    83 |   177 |   294 |   805 |   744 |   780 |   306 ||  3292
       Reflection        |       |       |       |       |     8 |    67 |    85 |    58 |    31 ||   249
       Rpst.: Long sword |       |     9 |       |       |       |       |       |       |       ||     9
       Double sword      |       |       |    13 |    22 |    20 |    35 |    60 |    58 |    20 ||   228

Table legend: (Time is in decaauts)
 A = Elapsed time spent in this place.
 B = Non-inter-level travel time spent in this place.
 C = Inter-level travel time spent in this place.
 D = Time resting spent in this place.
 E = Time spent auto-exploring this place.
 F = Levels seen in this place.
 G = Mean time per level.
                   A        B        C        D        E       F      G
               +--------+--------+--------+--------+--------+-----+--------+
         Total |  44490 |  40901 |   3589 |   2109 |  28522 |  48 |  926.9 |
       Dungeon |  15368 |  13811 |   1557 |    945 |   9657 |  15 | 1024.5 |
        Temple |    253 |    221 |     32 |      0 |    153 |   1 |  253.0 |
          Lair |   5612 |   5035 |    577 |     95 |   3938 |   6 |  935.3 |
        Shoals |   2873 |   2805 |     68 |    221 |   1791 |   4 |  718.2 |
     Snake Pit |   3794 |   3526 |    268 |     18 |   2706 |   4 |  948.5 |
  Orcish Mines |   2031 |   1776 |    255 |      0 |   1396 |   2 | 1015.5 |
   Elven Halls |   1740 |   1617 |    123 |      0 |   1142 |   2 |  870.0 |
        Vaults |   4958 |   4714 |    244 |    266 |   3254 |   5 |  991.6 |
        Depths |   5710 |   5249 |    461 |    150 |   3404 |   5 | 1142.0 |
      Ice Cave |    779 |    779 |      0 |      7 |    552 |   1 |  779.0 |
       Volcano |    242 |    242 |      0 |      0 |    132 |   1 |  242.0 |
        Wizlab |    575 |    575 |      0 |    119 |    294 |   1 |  575.0 |
      Gauntlet |    552 |    552 |      0 |    287 |     98 |   1 |  552.0 |
               +--------+--------+--------+--------+--------+-----+--------+

Top non-repeatable levels by time:
    D:10: 1597 daAuts
     D:6: 1541 daAuts
     D:7: 1501 daAuts
 Snake:2: 1426 daAuts
Depths:4: 1402 daAuts
Vaults:3: 1319 daAuts
  Lair:6: 1318 daAuts
Vaults:4: 1286 daAuts
    D:15: 1250 daAuts
Depths:3: 1231 daAuts
Vaults:1: 1223 daAuts
Depths:5: 1186 daAuts
   Orc:2: 1115 daAuts
    D:14: 1104 daAuts
    D:11: 1100 daAuts
